 Dungeon Crawl Stone Soup version 0.31-a0-986-g5e6e4ef867 (webtiles) character file.

Game seed: 2099241396447932693

11848 FakeRyeBread the Grappler (level 11, -19/115 HPs)
             Began as a Troll Fighter on Nov 10, 2023.
             Was a High Priest of Wu Jian.
             Killed from afar by a gargoyle (29 damage)
             ... with a stone arrow
             ... on level 11 of the Dungeon.
             The game lasted 00:20:37 (9644 turns).

FakeRyeBread the Grappler (Troll Fighter)           Turns: 9644, Time: 00:20:38

Health: -19/115    AC:  6    Str: 26    XL:     11   Next: 54%
Magic:  10/10      EV: 11    Int:  8    God:    Wu Jian [*****.]
Gold:   704        SH: 13    Dex:  9    Spells: 10/10 levels left

rFire   + +          .
                       - Unarmed
rCold   + + +        b - +3 kite shield
rNeg    + . .        n - +2 robe {rC+ rF+}
rPois   .            (helmet restricted)
rElec   .            H - scarf {rC+ rF+}
rCorr   .            (gloves unavailable)
SInv    .            (boots unavailable)
Will    .....        (no amulet)
Stlth   +            f - ring of positive energy
HPRegen 1.19/turn    h - ring of protection from cold
MPRegen 0.12/turn

%: no passive effects
@: lethally poisoned (-19 -> -27)
A: large, unfitting armour, claws 3, regeneration 1, shaggy fur 1, tough skin 1
a: Renounce Religion, Wall Jump, Serpent's Lash, Heavenly Storm


You were on level 11 of the Dungeon.
You worshipped Wu Jian.
Wu Jian was extremely pleased with you.
You visited 1 branch of the dungeon, and saw 11 of its levels.
You also visited: Ossuary.

You collected 704 gold pieces.

Inventory:

Missiles
 a - 16 boomerangs
 j - 3 curare-tipped darts
 m - 14 poisoned darts
 u - 2 throwing nets
Armour
 b - a +3 kite shield (worn)
 n - a +2 robe of resistance (worn)
 C - a +0 cloak
 H - a scarf of resistance (worn)
Jewellery
 f - a ring of positive energy (left claw)
 h - a ring of protection from cold (right claw)
 y - a ring of positive energy
 B - a ring of fire
Wands
 i - a wand of flame (44) (quivered)
 k - a wand of polymorph (7)
 t - a wand of mindburst (19)
Scrolls
 d - 2 scrolls of fear
 g - 8 scrolls of teleportation
 x - a scroll of vulnerability
 z - a scroll of enchant weapon
 A - a scroll of fog
 E - a scroll of amnesia
 I - a scroll of immolation
 J - a scroll of revelation
Potions
 c - 2 potions of might
 e - 2 potions of curing
 l - a potion of brilliance
 o - 2 potions of magic
 p - a potion of invisibility
 q - a potion of attraction
 r - 3 potions of mutation
 s - a potion of ambrosia
 v - 2 potions of heal wounds
 w - a potion of resistance
 D - 2 potions of lignification
 F - a potion of degeneration


   Skills:
 + Level 9.0 Fighting
 + Level 7.7 Dodging
 + Level 9.7 Shields
 + Level 10.3 Unarmed Combat


You had 10 spell levels left.
You didn't know any spells.
Your spell library contained the following spells:

 Spells                   Type           Power      Damage    Failure   Level
 Apportation              Tloc           0%         N/A       58%         1
 Freeze                   Ice            0%         1d3       58%         1
 Necrotise                Necr           0%         1d4       58%         1
 Summon Small Mammal      Summ           0%         N/A       58%         1
 Frozen Ramparts          Ice            0%         1d1       91%         3
 Hailstorm                Conj/Ice       0%         3d3       91%         3
 Tukima's Dance           Hex            0%         N/A       91%         3
 Dimensional Bullseye     Hex/Tloc       0%         N/A       100%        4
 Iskenderun's Mystic Bla  Conj/Tloc      0%         2d3       100%        4
 Leda's Liquefaction      Hex/Erth       0%         N/A       100%        4
 Petrify                  Tmut/Erth      0%         N/A       100%        4
 Lee's Rapid Deconstruct  Erth           0%         3d4*      100%        5
 Metabolic Englaciation   Hex/Ice        0%         N/A       100%        5
 Bombard                  Conj/Erth      0%         9d1       100%        6


Dungeon Overview and Level Annotations

Branches:
Dungeon (11/15)            Temple (0/1) D:6            Lair (0/5) D:11
    Orc (0/2) D:10        Ossuary (visited)

Altars:
Ashenzari
Fedhas
Nemelex Xobeh
Ru
Wu Jian
Yredelemnul
Zin


Innate Abilities, Weirdness & Mutations

You are too large for most types of armour.
You have claws for hands.
Your natural rate of healing is unusually fast.
You are covered in fur. (AC +1)
You have tough skin. (AC +1)


Message History

You are engulfed in poison gas.
You are more poisoned.
You feel extremely sick.
You claw the gargoyle!
The gargoyle is severely damaged.
You are engulfed in poison gas.
You are more poisoned.
You feel extremely sick. The gargoyle misses you.
You scratch the gargoyle but do no damage.
The gargoyle is severely damaged.
You are engulfed in poison gas.
You are more poisoned.
You feel extremely sick. The gargoyle hits you with a +0 flail!
* * * LOW HITPOINT WARNING * * *
You feel better.
You are engulfed in poison gas.
You are poisoned.
You feel very sick. The gargoyle misses you.
You scratch the gargoyle but do no damage.
The gargoyle is severely damaged.
You are engulfed in poison gas.
You are more poisoned.
* * * LOW HITPOINT WARNING * * *
You feel very sick. You block the gargoyle's attack.
You barely miss the gargoyle.
The gargoyle is severely damaged.
You are engulfed in poison gas.
You are more poisoned.
* * * LOW HITPOINT WARNING * * *
x2 You feel extremely sick.
The gargoyle barely misses you.
You feel better.
You are engulfed in poison gas.
You are poisoned.
* * * LOW HITPOINT WARNING * * *
x2 You feel very sick.
The gargoyle hurls a stone arrow at you.
The stone arrow hits you!!
You die...

##.##.........#
.. .#.###.###.#
.#. # #.# #.# .#
.#.###.###)# .#
#.........# .
#######.########
#.# #○.. .
#○####○###§○☼.
#.☼○°.@9○§§.°.
######☼##°#☼..
#☼# #.# #☼° ###


You could see a gargoyle.

Vanquished Creatures
  Josephine (D:10)
  The ghost of kaesle the Tainted, a journeyman HOFi of Yredelemnul (D:10)
  2 two-headed ogres (D:10)
  Pikel (D:4)
  2 trolls
  Sigmund (D:6)
  3 shadows
  A vampire (D:11)
  3 wraiths (D:10)
  15 yaks
  Eustachio (D:6)
  Edmund (D:6)
  An acid dragon (D:9)
  A water moccasin (D:7)
  5 ice beasts
  A sky beast (D:7)
  A black bear (D:7)
  5 orc warriors
  3 centaurs
  3 wolves (D:11)
  The ghost of Dittersdorf the Shield-Bearer, an amateur HuFi (D:3)
  A phantom (D:6)
  2 kobold brigands
  2 elf zombies (Ossuary)
  2 bullfrogs (D:9)
  2 gnoll sergeants
  4 scorpions
  13 wights
  8 killer bees
  2 electric eels (D:11)
  A human zombie (Ossuary)
  A jelly (D:4)
  4 hounds
  4 orc priests
  5 iguanas
  Natasha (thrice) (D:2)
  6 orc wizards
  2 mummies (Ossuary)
  12 gnolls
  7 adders
  2 white imps
  4 adder zombies (Ossuary)
  4 worms
  3 dart slugs
  26 orcs
  9 ball pythons
  4 bats
  5 endoplasms
  10 goblins
  4 hobgoblins
  3 jackals
  8 quokkas
  A frilled lizard (D:1)
  16 hobgoblin zombies (Ossuary)
  A jackal zombie (Ossuary)
  27 kobolds
  7 kobold zombies (Ossuary)
  4 orc zombies (Ossuary)
  5 rats
  2 rat zombies (Ossuary)
279 creatures vanquished.

Notes
Turn   | Place    | Note
-------+----------+-------------------------------------------
     0 | D:1      | FakeRyeBread the Troll Fighter began the quest for the Orb.
     0 | D:1      | Reached XP level 1. HP: 22/22 MP: 0/0
    62 | D:1      | You fall into a shaft and drop 1 floor!
    80 | D:2      | Reached XP level 2. HP: 21/29 MP: 1/1
   387 | D:1      | Found a faded altar of an unknown god.
   582 | D:1      | Reached XP level 3. HP: 36/36 MP: 2/2
  1052 | D:2      | Noticed Natasha
  1056 | D:2      | Killed Natasha
  1057 | D:2      | Reached skill level 3 in Unarmed Combat
  1057 | D:2      | Reached XP level 4. HP: 45/45 MP: 3/3
  1553 | D:2      | Noticed Natasha
  1563 | D:2      | Killed Natasha
  1650 | D:2      | Noticed Natasha
  1655 | D:2      | Killed Natasha
  1789 | D:3      | Reached XP level 5. HP: 51/53 MP: 4/4
  1893 | D:3      | Reached skill level 5 in Dodging
  1893 | D:3      | Reached skill level 6 in Unarmed Combat
  1893 | D:3      | Reached XP level 6. HP: 67/67 MP: 5/5
  2140 | D:3      | Found a runed translucent gate.
  2146 | D:3      | Found a runed translucent gate.
  2147 | D:3      | Found a runed translucent gate.
  2150 | D:3      | Noticed Dittersdorf's ghost (amateur HuFi)
  2316 | D:3      | Found an ornate altar of the Wu Jian Council.
  2735 | D:3      | Killed Dittersdorf's ghost
  2736 | D:3      | Reached skill level 7 in Unarmed Combat
  2828 | D:3      | Became a worshipper of the Wu Jian Council
  3005 | D:4      | Noticed Pikel
  3016 | D:4      | Killed Pikel
  3017 | D:4      | Reached XP level 7. HP: 76/76 MP: 6/6
  3113 | D:4      | Found a broken altar of Ashenzari.
  3188 | D:4      | Found a blossoming altar of Fedhas.
  3298 | D:4      | Reached XP level 8. HP: 82/84 MP: 7/7
  3429 | D:4      | Found a sparkling altar of Nemelex Xobeh.
  3521 | D:4      | Found a sacrificial altar of Ru.
  3942 | D:5      | Entered Level 5 of the Dungeon
  4347 | D:5      | Reached * piety under Wu Jian
  4491 | D:6      | Noticed Sigmund
  4508 | D:6      | Killed Sigmund
  4555 | D:6      | Noticed Edmund
  4563 | D:6      | Killed Edmund
  4564 | D:6      | Reached skill level 8 in Unarmed Combat
  4610 | D:6      | Found a staircase to the Ecumenical Temple.
  4679 | D:6      | Reached XP level 9. HP: 93/93 MP: 8/8
  4703 | D:6      | Noticed Eustachio
  4726 | D:6      | Killed Eustachio
  4974 | D:7      | Identified the +0 leather armour "Janib" {Will+}
  5288 | D:7      | Found a glowing silver altar of Zin.
  5315 | D:7      | Found a basalt altar of Yredelemnul.
  5451 | D:7      | Found a sand-covered staircase.
  5463 | Ossuary  | Entered an ossuary
  5473 | Ossuary  | Reached ** piety under Wu Jian
  5653 | Ossuary  | Reached *** piety under Wu Jian
  6169 | D:8      | Reached XP level 10. HP: 35/104 MP: 9/9
  6180 | D:8      | Reached skill level 9 in Unarmed Combat
  7082 | D:9      | Reached **** piety under Wu Jian
  7776 | D:10     | Entered Level 10 of the Dungeon
  8322 | D:10     | Noticed a two-headed ogre
  8324 | D:10     | Noticed a two-headed ogre
  8339 | D:10     | Killed a two-headed ogre
  8345 | D:10     | Killed a two-headed ogre
  8346 | D:10     | Reached XP level 11. HP: 64/113 MP: 10/10
  8469 | D:10     | Noticed Josephine
  8480 | D:10     | Killed Josephine
  8523 | D:10     | Found a staircase to the Orcish Mines.
  8552 | D:10     | Reached skill level 10 in Unarmed Combat
  8608 | D:10     | Found a runed translucent door.
  8608 | D:10     | Noticed kaesle's ghost (journeyman HOFi)
  8735 | D:10     | Identified the +1 chain mail of Untruth {rElec rC- Regen+
                  | Str+3}
  9037 | D:10     | Killed kaesle's ghost
  9360 | D:11     | Found a staircase to the Lair.
  9461 | D:11     | Reached ***** piety under Wu Jian
  9644 | D:11     | Killed from afar by a gargoyle

Illustrated notes

Levels and vault maps discovered:
D:1:      dpeg_arrival_long_road, layout_rooms,
          shapermc_ecumenical_altar_ellora, minivault_24,
          hangedman_feature_mirror, minmay_tetromino_o2
D:2:      layout_basic, serial_glass, glass_columns_a, glass_columns_a,
          hangedman_decor_riveting, chequers_garden, hex_intersection,
          minmay_misc_feat_rugged, kennysheep_generic_room_6, uniq_natasha
D:3:      layout_basic, lemuel_round_altar, gammafunk_ghost_nasty_kobolds
D:4:      layout_loops_corners, nemelex_dance_club_becter,
          evilmike_ruin_ashenzari, fedhas_altar_fruit_tree,
          kennysheep_mini_moat, uniq_pikel
D:5:      layout_rooms, chequers_avenue, minmay_holes, kennysheep_generic_room_4
D:6:      layout_rooms, minmay_temple_entry_wispy, uniq_edmund, uniq_sigmund,
          uniq_eustachio
D:7:      layout_rooms, mainiacjoe_overflow_alcove_2,
          mainiacjoe_overflow_catwalk, enter_ossuary_1
D:8:      layout_loops_ring
D:9:      layout_basic, nicolae_figureground_pulse
D:10:     layout_stronghold, minmay_orc_entry_temple_small,
          hellmonk_ghost_happy_afterlife, uniq_josephine
D:11:     layout_loops_corners, erik_lair_island

Skill      XL: |  1  2  3  4  5  6  7  8  9 10 11 |
---------------+----------------------------------+-----
Shields        | 3 6 7 8 9 |  9.7
Fighting       | 3 6 7 8 9 |  9.0
Unarmed Combat | 3 6 7 8 9 10 | 10.3
Dodging        | 5 6 7 |  7.7

Action                     |  1- 3 |  4- 6 |  7- 9 | 10-12 || total
---------------------------+-------+-------+-------+-------++-------
  Melee: Unarmed           |   114 |    79 |   376 |   345 ||   914
  Throw: Boomerang         |       |     3 |       |       ||     3
 Invoke: Serpent's Lash    |       |       |       |     1 ||     1
Ability: Lunge             |       |       |    21 |    29 ||    50
         Whirlwind         |       |       |    12 |    24 ||    36
  Evoke: Wand              |       |     4 |       |     4 ||     8
    Use: Scroll            |       |     7 |    10 |     9 ||    26
         Potion            |       |     2 |     1 |     6 ||     9
   Stab: Sleeping          |     1 |       |     1 |       ||     2
         Fleeing           |       |       |       |     1 ||     1
 Armour: Robe              |    49 |    32 |   175 |   208 ||   464
         Skin              |       |     3 |       |       ||     3
  Dodge: Dodged            |    36 |    21 |    94 |    97 ||   248
  Block: Kite shield       |    39 |    22 |   139 |   188 ||   388

Table legend: (Time is in decaauts)
 A = Elapsed time spent in this place.
 B = Non-inter-level travel time spent in this place.
 C = Inter-level travel time spent in this place.
 D = Time resting spent in this place.
 E = Time spent auto-exploring this place.
 F = Levels seen in this place.
 G = Mean time per level.
                   A        B        C        D        E       F      G
               +--------+--------+--------+--------+--------+-----+--------+
         Total |   9613 |   8097 |   1516 |    430 |   5815 |  12 |  801.1 |
       Dungeon |   9375 |   7859 |   1516 |    430 |   5759 |  11 |  852.3 |
       Ossuary |    238 |    238 |      0 |      0 |     56 |   1 |  238.0 |
               +--------+--------+--------+--------+--------+-----+--------+

Top non-repeatable levels by time:
    D:10: 1321 daAuts
     D:3: 1286 daAuts
     D:9: 1220 daAuts
     D:2: 1166 daAuts
     D:4: 980 daAuts
     D:8: 698 daAuts
     D:7: 671 daAuts
     D:5: 541 daAuts
     D:1: 516 daAuts
     D:6: 508 daAuts
    D:11: 464 daAuts
 Ossuary: 238 daAuts
